Map: Acropolis LE

Players

Mez

  • Race: Terran Terran
  • League: Master
  • Spawn Location: 5:00

AǂMitch - Winner!

  • Race: Zerg Zerg
  • League: Master
  • Spawn Location: 11:00

VOD

Have the link to the VOD?

Description

Time

  • Played on: July 31, 2019, 12:37 p.m.
  • Length: 20:38
Show
View Real Time Build Order
Export as new Build Order

Mez Terran 

Build Orders: Reaper Expand 

Get SALT Encoding   

  12  0:00  SCV  
  13  0:12  SCV  
  14  0:17  Supply Depot  
  14  0:25  SCV  
  15  0:38  SCV  
  15  0:39  Barracks  
  16  0:44  Refinery  
  16  0:50  SCV  
  17  1:02  SCV  
  18  1:14  SCV  
  19  1:28  Reaper, Orbital Command  
  20  1:40  Command Center  
  20  1:50  Barracks  
  20  1:54  SCV  
  21  2:02  Barracks Reactor  
  21  2:06  Barracks  
  21  2:10  SCV  
  22  2:16  Supply Depot  
  22  2:24  SCV  
  23  2:38  SCV  
  24  2:44  Marine x2, Barracks Tech Lab  
  24  2:50  SCV  
  27  2:53  Orbital Command  
  27  2:54  Marine  
  28  3:02  Marine x2  
  28  3:03  Engineering Bay  
  28  3:05  Marine  
  30  3:12  SCV, Marine  
  32  3:20  Marine x2  
  32  3:24  SCV  
  32  3:25  SCV  
  36  3:33  Marine x2, Supply Depot  
  38  3:34  Combat Shield  
  38  3:36  SCV  
  38  3:37  Marine  
  38  3:38  SCV  
  41  3:48  SCV  
  42  3:55  Marine x3  
  42  3:56  SCV  
  42  3:59  Engineering Bay  
  42  4:00  SCV  
  46  4:03  Marine  
  46  4:04  Supply Depot  
  46  4:08  SCV  
  48  4:12  SCV  
  48  4:13  Marine x2  
  51  4:20  SCV  
  51  4:23  Marine x2  
  54  4:26  SCV  
  54  4:27  Supply Depot  
  54  4:31  Marine  
  56  4:32  SCV  
  56  4:36  Marine  
  56  4:38  SCV  
  59  4:41  Marine x2  
  59  4:44  SCV, Command Center  
  62  4:50  SCV  
  63  5:09  Marine x4  
  63  5:10  SCV x2  
  63  5:13  Refinery, Barracks  
  61  5:14  Refinery  
  61  5:15  Barracks  
  61  5:18  Factory  
  57  5:24  Stimpack  
  57  5:27  Marine x2  
  57  5:28  Marine x2  
  60  5:30  SCV x2  
  63  5:42  SCV  
  64  5:43  Supply Depot  
  64  5:44  Marine  
  64  5:45  Marine  
  64  5:46  Marine  
  64  5:47  Supply Depot  
  68  5:51  SCV  
  68  5:53  Barracks Reactor  
  68  5:54  SCV  
  69  5:57  Orbital Command  
  69  6:00  Marine  
  69  6:02  Marine x2  
  69  6:04  Marine x2, Factory Reactor  
  72  6:05  Starport  
  72  6:09  Supply Depot  
  74  6:14  SCV  
  74  6:15  SCV  
  74  6:16  Refinery  
  74  6:17  Marine  
  77  6:20  Marine x2  
  72  6:25  Orbital Command  
  72  6:34  Supply Depot x2  
  72  6:38  Supply Depot  
  72  6:40  Marine x3  
  72  6:41  Supply Depot  
  72  6:42  Barracks Reactor x2  
  72  6:43  Marine  
  72  6:46  SCV  
  72  6:47  SCV  
  78  6:51  SCV  
  79  6:56  Marine  
  79  6:58  SCV, Marine x3  
  79  6:59  SCV  
  85  7:05  Medivac x2  
  85  7:06  Marine  
  90  7:14  Engineering Bay x2, Marine  
  90  7:15  SCV x3, Marine  
  94  7:16  Marine x2  
  94  7:17  Command Center  
  94  7:22  Supply Depot x2  
  97  7:24  Marine  
  97  7:27  Marine x4  
  102  7:32  Marine  
  102  7:33  Marine, Supply Depot  
  102  7:35  SCV  
  102  7:36  SCV x2  
  107  7:38  Medivac x2  
  107  7:39  Marine x2  
  107  7:42  Marine  
  114  7:45  Marine x2  
  114  7:46  Marine x2  
  114  7:50  Marine  
  119  7:51  Marine, Supply Depot  
  119  7:52  Supply Depot  
  119  7:57  Marine  
  119  7:58  Supply Depot  
  121  8:00  Marine x2  
  121  8:02  Marine  
  121  8:03  Marine  
  121  8:04  Marine  
  126  8:08  Marine x2, Medivac x2  
  126  8:09  SCV x3  
  135  8:17  Supply Depot  
  106  8:30  Marine  
  106  8:31  Marine x8  
  107  8:34  Terran Infantry Armor Level 1, Terran Infantry Weapons Level 1  
  107  8:39  Armory  
  107  8:40  Barracks  
  107  8:41  Barracks x2  
  107  8:48  Marine  
  107  8:49  Marine x5  
  107  8:54  Medivac x2  
  116  9:05  Bunker, Marine  
  116  9:06  Marine x6  
  123  9:12  Planetary Fortress  
  123  9:19  Marine  
  123  9:20  Marine  
  122  9:34  Orbital Command  
  122  9:36  Marine x3  
  113  9:41  Marine  
  72  9:47  Marine x6  
  72  9:49  Supply Depot  
  78  9:54  Supply Depot  
  78  9:55  Marine x3  
  78  9:59  Marine, Medivac x2  
  88  10:00  SCV  
  88  10:01  SCV x3  
  88  10:05  Marine x4  
  96  10:07  Supply Depot  
  96  10:12  SCV  
  96  10:13  SCV x3, Barracks Tech Lab x2  
  98  10:14  Barracks Tech Lab  
  93  10:25  SCV x3  
  93  10:28  Marine x9  
  93  10:30  SCV  
  93  10:35  Marine  
  103  10:36  Command Center  
  103  10:37  SCV x3, Marauder x2  
  102  10:46  Marine x9  
  102  10:47  Medivac x2  
  110  10:51  Supply Depot  
  110  10:59  Bunker, Supply Depot  
  110  11:01  Supply Depot  
  110  11:04  Marauder x2  
  114  11:05  Concussive Shells  
  114  11:14  Terran Infantry Armor Level 2, Terran Infantry Weapons Level 2  
  114  11:17  Marine x2  
  114  11:18  Marine  
  116  11:25  Factory Reactor  
  115  11:28  Factory  
  115  11:30  SCV x4  
  119  11:37  Marine x6  
  119  11:38  Marine  
  119  11:39  Marine  
  127  11:42  SCV  
  127  11:43  SCV x3  
  131  11:48  Marine x4  
  131  11:49  Orbital Command  
  135  12:02  Marine x8  
  135  12:06  Marine x4  
  144  12:15  Supply Depot x2  
  144  12:16  Bunker  
  144  12:17  Supply Depot  
  144  12:20  Marine x4  
  144  12:21  Marine x4  
  144  12:22  Widow Mine x2  
  152  12:23  Marine  
  152  12:24  Marine x2, Factory Tech Lab  
  155  12:30  Terran Vehicle And Ship Armor Level 1  
  155  12:32  Marine  
  156  12:37  Marine  
  156  12:38  Marine x4  
  156  12:41  Command Center  
  157  12:57  Marine x7, Marauder x2  
  157  12:58  Marine, Marauder x2  
  163  12:59  Widow Mine x2  
  163  13:04  Drilling Claws  
  163  13:05  Widow Mine  
  158  13:13  SCV  
  158  13:14  SCV x3  
  158  13:15  Marine  
  158  13:19  Marauder x2  
  166  13:20  SCV  
  166  13:26  SCV x4  
  170  13:32  SCV, Supply Depot  
  171  13:35  Marine x5  
  171  13:38  SCV x4  
  180  13:44  SCV  
  181  13:50  SCV x2  
  183  13:57  Marine x11  
  184  14:11  Marauder  
  184  14:15  Marine x6  
  184  14:16  Marine, Marauder x2  
  183  14:25  Marine x2  
  183  14:28  Terran Infantry Armor Level 3, Terran Infantry Weapons Level 3  
  184  14:32  Marine  
  184  14:33  Marine x7  
  184  14:37  Marine x2  
  192  14:43  Marine  
  192  14:44  Fusion Core, Marauder, Starport  
  190  14:46  Starport  
  190  14:51  Marauder  
  190  14:52  Widow Mine x3  
  191  14:55  Marauder  
  193  15:01  Missile Turret  
  193  15:04  Liberator x2  
  193  15:07  SCV x5  
  164  15:08  Missile Turret  
  164  15:13  Widow Mine  
  164  15:14  Supply Depot  
  169  15:19  SCV x2, Marine x7  
  182  15:23  Starport Reactor  
  182  15:24  Starport Tech Lab  
  182  15:28  Liberator  
  184  15:31  Marine x2  
  184  15:32  Marine x3  
  189  15:36  Marine  
  189  15:37  Marine  
  189  15:46  Advanced Ballistics  
  189  15:47  Liberator x2  
  176  15:56  Planetary Fortress  
  176  15:58  SCV x2  
  176  16:01  Refinery x2  
  176  16:03  Refinery  
  178  16:09  Liberator x2  
  178  16:11  Liberator  
  183  16:17  Command Center  
  183  16:20  Marine  
  183  16:21  Marauder x2  
  179  16:43  Marine x5  
  171  16:47  Viking x2  
  166  16:59  Marine  
  166  17:00  Marine x6  
  166  17:01  Marine x2  
  141  17:31  Marine x7  
  141  17:32  Marine x3  
  134  17:44  Marine x2  
  134  17:49  Marine  
  122  17:52  Marine  
  123  18:12  Marine x2  
  124  18:15  Marine  
  124  18:16  Marine  
  121  18:32  Marine x4  
  123  18:46  Marine  
  123  18:47  Marine  
  125  18:49  Marine  
  125  18:51  Liberator  
  111  19:25  Orbital Command  
  108  19:41  Marauder x3  
  114  19:50  Marine  
Show
View Real Time Build Order
Export as new Build Order

AǂMitch Zerg - Winner!

Build Orders: Hatch First 

Get SALT Encoding   

  12  0:01  Drone  
  13  0:13  Overlord  
  13  0:17  Drone  
  14  0:31  Drone x2  
  17  0:35  Drone  
  17  0:51  Hatchery  
  17  0:55  Drone  
  17  0:58  Drone  
  18  1:09  Extractor  
  17  1:12  Spawning Pool  
  17  1:15  Drone  
  18  1:18  Drone  
  18  1:30  Drone  
  19  1:41  Overlord  
  19  1:51  Drone  
  20  1:59  Queen  
  22  2:03  Zergling x2, Queen  
  22  2:04  Zergling x2  
  26  2:09  Metabolic Boost  
  26  2:29  Extractor  
  25  2:31  Drone x4  
  29  2:46  Overlord, Drone  
  29  2:50  Extractor  
  30  2:54  Queen  
  30  2:55  Drone x2  
  34  3:00  Drone x2  
  37  3:20  Drone x3  
  37  3:21  Drone x3  
  37  3:24  Hatchery  
  42  3:29  Overlord x2  
  42  3:36  Drone  
  42  3:40  Drone  
  44  3:47  Queen, Extractor  
  47  3:50  Spore Crawler  
  46  4:00  Drone x5  
  46  4:02  Extractor  
  50  4:08  Overlord  
  50  4:20  Evolution Chamber  
  50  4:23  Evolution Chamber  
  48  4:27  Zergling x2  
  48  4:28  Zergling x8  
  48  4:30  Queen x2  
  57  4:45  Drone  
  58  4:46  Baneling Nest  
  58  4:48  Zergling x16  
  58  4:50  Zergling x2  
  66  5:00  Overlord x2  
  65  5:11  Zergling x10  
  62  5:15  Drone  
  62  5:16  Drone x3  
  62  5:19  Zerg Ground Armor Level 1, Zerg Melee Weapons Level 1  
  62  5:20  Lair  
  66  5:32  Baneling x2  
  66  5:38  Drone x8  
  66  5:39  Queen  
  76  5:47  Zergling x6  
  79  5:51  Hatchery, Baneling  
  79  5:52  Baneling x7  
  78  5:57  Drone  
  78  5:58  Drone x3  
  79  6:22  Zergling x2  
  79  6:23  Zergling x10  
  78  6:26  Overseer  
  78  6:29  Drone, Extractor  
  78  6:30  Overlord, Drone x3  
  78  6:31  Overlord x3, Extractor  
  80  6:50  Drone x3  
  80  6:52  Drone x4  
  87  6:55  Extractor  
  86  7:09  Zergling x22  
  86  7:11  Baneling x2  
  86  7:12  Baneling x2  
  86  7:15  Pneumatized Carapace  
  97  7:19  Spire  
  97  7:20  Zerg Melee Weapons Level 2  
  97  7:24  Drone x3  
  97  7:25  Drone x3  
  97  7:26  Extractor  
  97  7:27  Drone x5  
  107  7:33  Zergling x8  
  107  7:35  Overlord x4  
  107  7:36  Zerg Ground Armor Level 2  
  111  7:50  Spire, Drone  
  111  7:51  Overlord x3, Drone, Hatchery  
  111  8:02  Baneling x3  
  111  8:03  Zergling x4, Baneling x4  
  111  8:04  Zergling x20  
  123  8:07  Zergling x2  
  123  8:08  Zergling x2  
  123  8:11  Baneling x8  
  125  8:17  Extractor  
  124  8:20  Zergling x8  
  114  8:30  Centrifical Hooks  
  113  8:36  Drone x7  
  113  8:37  Drone x5, Extractor  
  124  8:43  Baneling x2  
  124  8:44  Zergling x4  
  126  8:53  Zergling x8  
  130  9:01  Baneling x5  
  130  9:14  Zergling x2  
  130  9:15  Zergling x24  
  141  9:25  Zergling x2  
  141  9:26  Zergling x8  
  141  9:27  Hatchery  
  133  9:42  Zergling x24  
  131  9:50  Baneling x8  
  131  9:51  Baneling  
  130  9:56  Zergling x12  
  130  9:57  Zergling x4  
  138  10:03  Infestation Pit, Zerg Flyer Weapons Level 1  
  138  10:04  Zergling x10  
  138  10:06  Baneling x6  
  142  10:13  Burrow  
  116  10:33  Zergling x24  
  128  10:41  Zergling x2  
  128  10:42  Zergling x18  
  132  10:44  Baneling x9  
  132  10:45  Baneling x10  
  130  10:51  Hive  
  131  11:11  Zergling x18  
  131  11:12  Zergling x16  
  147  11:18  Baneling  
  146  11:36  Baneling x8  
  146  11:47  Extractor  
  146  11:48  Extractor  
  140  12:03  Adrenal Glands  
  140  12:04  Zerg Melee Weapons Level 3, Zerg Ground Armor Level 3  
  139  12:10  Zergling x2  
  139  12:11  Zergling x36  
  152  12:32  Baneling x2  
  152  12:39  Greater Spire  
  152  12:41  Ultralisk Cavern  
  150  12:49  Mutalisk x9  
  150  12:50  Mutalisk x2  
  171  12:51  Overlord x2  
  171  12:52  Overlord  
  161  13:26  Baneling x8  
  161  13:40  Chitinous Plating  
  161  13:43  Ultralisk x4, Overlord  
  161  13:44  Overlord x3  
  185  13:51  Pathogen Glands  
  141  14:34  Corruptor  
  141  14:35  Corruptor x14  
  141  14:38  Zerg Flyer Armor Level 1  
  169  14:40  Spire  
  165  14:49  Queen  
  165  14:50  Queen x2  
  168  14:57  Corruptor  
  168  14:58  Corruptor x3  
  168  14:59  Anabolic Synthesis  
  176  15:01  Drone x3  
  172  15:18  Brood Lord x7  
  183  15:24  Zergling x2  
  183  15:25  Zergling x24  
  183  15:26  Zergling x6  
  195  15:59  Spine Crawler  
  195  16:00  Spine Crawler  
  195  16:02  Spine Crawler  
  188  16:11  Spore Crawler  
  188  16:12  Spine Crawler x2  
  188  16:13  Spine Crawler  
  184  16:31  Brood Lord x7  
  184  16:32  Brood Lord  
  200  16:37  Zergling x18  
  200  16:38  Zergling x12  
  179  17:12  Neural Parasite  
  179  17:14  Zerg Flyer Weapons Level 2, Zerg Flyer Armor Level 2  
  169  17:33  Ultralisk x5  
  169  17:34  Zergling x6  
  199  17:43  Hatchery, Extractor  
  177  17:47  Extractor  
  140  17:56  Infestor x5  
  140  17:57  Infestor  
  130  18:00  Zerg Missile Weapons Level 1  
  112  18:18  Hatchery  
  101  18:22  Corruptor x5  
  101  18:24  Drone  
  101  18:25  Drone x9  
  101  18:26  Drone x2  
  110  19:01  Corruptor  
  110  19:02  Corruptor x4  
  118  19:05  Drone  
  115  19:18  Spore Crawler  
  114  19:34  Drone  
  114  19:35  Drone x2  
  117  19:44  Drone x2  
Tags
 
Add a new tag
Caveats
  • Supply blocks, unpowered buildings, or Contaminate may cause inaccurate times.
  • Supply counts are checked every 10 seconds.